Map: Berlingrad LE

Players

HORSES

  • Race: Zerg Zerg

couchman - Winner!

  • Race: Terran Terran

VOD

Have the link to the VOD?

Description

Time

  • Played on: Dec. 11, 2021, 9:03 p.m.
  • Length: 16:35
Show
View Real Time Build Order
Export as new Build Order

HORSES Zerg 

Build Orders: Pool First 

Get SALT Encoding   

  12  0:06  Drone  
  13  0:14  Overlord  
  13  0:24  Overlord  
  13  0:28  Drone  
  14  0:46  Drone  
  14  0:47  Drone  
  16  1:01  Spawning Pool  
  15  1:13  Drone x3  
  18  1:34  Hatchery  
  17  1:49  Drone x3, Extractor  
  17  1:51  Queen  
  21  2:17  Zergling x4  
  23  2:24  Zergling x2  
  23  2:27  Queen  
  26  2:56  Zergling x6  
  29  3:03  Drone x2  
  29  3:05  Queen  
  33  3:25  Zergling x4  
  35  3:58  Drone  
  36  4:13  Overlord x5  
  36  4:45  Evolution Chamber  
  36  4:47  Drone  
  36  4:52  Zergling x4  
  38  4:54  Drone x2  
  38  4:55  Drone x2  
  42  5:31  Zerg Missile Weapons Level 1  
  42  5:35  Roach Warren  
  41  5:48  Drone  
  41  5:49  Drone x5  
  47  5:54  Drone  
  47  5:55  Drone x5  
  53  6:19  Extractor  
  53  6:23  Roach x5  
  62  6:29  Lair  
  62  6:40  Metabolic Boost  
  62  7:02  Roach x4  
  62  7:03  Roach x3  
  76  7:25  Zerg Melee Weapons Level 1  
  76  7:26  Overlord x2  
  76  7:30  Overlord x4  
  76  7:39  Overlord x2  
  76  7:43  Glial Reconstitution  
  76  7:52  Drone x2  
  78  9:09  Hatchery  
  77  9:17  Roach x3  
  77  9:18  Roach x4  
  77  9:20  Roach x5  
  77  9:21  Roach  
  103  10:29  Roach x2  
  103  10:30  Roach x4  
  115  10:43  Overlord x5  
  51  12:16  Roach x2  
  51  12:17  Roach  
  51  12:18  Roach x3  
  57  12:26  Roach x3  
  61  12:33  Zerg Missile Weapons Level 2  
  61  12:50  Drone  
  61  12:51  Drone  
  63  13:01  Roach  
  63  13:04  Roach  
  63  13:05  Roach x5  
  77  13:08  Roach x4  
  77  13:09  Roach x2  
  89  13:17  Roach  
  89  13:19  Roach  
  69  14:02  Roach x2  
  53  14:03  Roach  
  49  14:18  Roach x3  
  47  14:25  Roach x6  
  41  14:48  Roach x4  
  36  15:17  Drone  
  31  15:25  Spore Crawler  
  23  15:40  Spire  
  19  15:53  Queen  
  19  15:54  Zergling x2  
  19  15:55  Zergling x4  
Show
View Real Time Build Order
Export as new Build Order

couchman Terran - Winner!

Build Orders:  

Get SALT Encoding   

  12  0:00  SCV  
  13  0:13  SCV  
  14  0:19  Supply Depot  
  14  0:25  SCV  
  15  0:40  SCV  
  16  0:46  Refinery  
  16  0:52  SCV  
  17  1:04  SCV  
  18  1:16  SCV  
  19  1:23  Command Center  
  19  1:27  Supply Depot  
  19  1:29  SCV  
  20  1:39  Refinery  
  20  1:41  SCV  
  21  2:10  SCV  
  22  2:22  SCV  
  22  2:29  Barracks  
  23  2:30  Command Center  
  23  2:35  SCV x2  
  25  2:47  SCV x2  
  27  2:59  SCV  
  28  3:17  Barracks  
  28  3:19  Barracks Tech Lab  
  28  3:22  SCV  
  28  3:26  SCV  
  30  3:34  SCV  
  30  3:36  Command Center  
  30  3:38  SCV  
  32  3:43  SCV  
  32  3:46  SCV  
  34  3:50  SCV  
  34  3:55  SCV  
  36  4:00  Engineering Bay  
  36  4:07  Barracks Reactor, SCV  
  37  4:14  Factory  
  38  4:17  SCV  
  38  4:19  SCV  
  39  4:26  Orbital Command  
  39  4:29  SCV  
  39  4:31  SCV  
  41  4:38  Command Center  
  41  4:41  Terran Infantry Weapons Level 1, SCV  
  41  4:43  SCV  
  43  4:45  Marine  
  44  4:54  Barracks  
  44  4:55  SCV  
  45  5:02  Armory  
  45  5:06  Factory Reactor  
  45  5:08  Marine x3  
  45  5:13  SCV  
  49  5:16  SCV  
  49  5:19  SCV  
  51  5:24  SCV  
  51  5:26  Marine, SCV  
  51  5:28  SCV  
  55  5:31  SCV  
  56  5:36  SCV, Refinery  
  56  5:38  SCV, Refinery  
  56  5:40  Marine x2, SCV  
  56  5:41  Marine  
  62  5:43  Marine, SCV  
  62  5:48  SCV  
  65  5:50  SCV  
  65  5:52  SCV  
  65  5:55  Starport, SCV  
  68  5:58  Marine x2  
  68  6:01  Terran Vehicle And Ship Armor Level 1  
  68  6:02  SCV  
  71  6:04  Combat Shield, SCV  
  71  6:07  SCV  
  73  6:14  SCV  
  74  6:19  SCV  
  75  6:27  Barracks Reactor  
  75  6:31  Barracks  
  75  6:33  Starport  
  75  6:34  Hellion x2  
  75  6:35  Terran Infantry Armor Level 1  
  75  6:39  Starport Tech Lab  
  79  6:55  SCV  
  79  6:58  SCV  
  79  7:00  SCV  
  82  7:05  SCV  
  82  7:08  SCV  
  84  7:10  SCV  
  84  7:12  Starport, SCV  
  86  7:17  SCV  
  86  7:19  Supply Depot  
  86  7:20  SCV  
  86  7:22  SCV  
  89  7:24  SCV  
  89  7:29  SCV  
  91  7:32  Supply Depot, SCV  
  91  7:34  SCV  
  91  7:36  SCV  
  94  7:41  SCV  
  94  7:42  Starport Tech Lab, Supply Depot  
  96  7:44  SCV  
  96  7:46  SCV  
  96  7:48  Barracks Reactor, SCV, Fusion Core  
  96  7:49  Marine x3  
  96  7:50  Marine x2  
  103  7:53  SCV  
  103  7:55  Terran Ship Weapons Level 1  
  103  7:56  Supply Depot  
  104  8:05  Supply Depot  
  104  8:07  Marine x4  
  104  8:08  Marine  
  107  8:18  Supply Depot  
  107  8:19  SCV  
  106  8:20  SCV  
  106  8:25  Marine x5  
  112  8:32  Supply Depot  
  112  8:33  Marine x2, SCV  
  115  8:38  Starport Tech Lab  
  115  8:40  Supply Depot  
  115  8:43  Marine x5  
  115  8:45  SCV  
  121  8:48  Refinery  
  121  8:49  SCV  
  121  8:51  Marine x2  
  121  8:54  Battlecruiser x2, Supply Depot  
  136  8:57  SCV  
  136  9:00  Marine  
  136  9:01  Marine, SCV  
  140  9:03  Supply Depot  
  140  9:06  Refinery  
  140  9:09  SCV  
  141  9:17  Supply Depot  
  141  9:21  SCV  
  142  9:25  Supply Depot  
  142  9:39  Supply Depot  
  142  9:47  Bunker  
  142  9:54  Terran Vehicle And Ship Armor Level 2  
  142  9:57  Battlecruiser  
  142  9:58  Battlecruiser  
  142  9:59  Battlecruiser  
  160  10:02  Marine x5, Supply Depot  
  160  10:03  Marine x2  
  167  10:16  Widow Mine x2  
  167  10:20  Marine x5  
  167  10:21  Marine x2  
  178  10:25  Supply Depot, Bunker  
  178  10:37  Widow Mine  
  178  10:38  Marine x7, Widow Mine  
  189  10:55  Marine x2  
  189  10:56  Marine x3  
  194  10:57  Bunker  
  194  10:59  Widow Mine x2  
  160  11:20  Widow Mine x2  
  151  11:39  Stimpack  
  134  11:40  Marine  
  134  11:41  Marine x6  
  131  11:58  Marine x2  
  116  12:13  SCV  
  117  12:16  SCV  
  112  12:26  SCV  
  112  12:28  SCV  
  114  12:33  Widow Mine x2  
  118  12:38  SCV  
  118  12:40  SCV  
  120  12:50  Marine x3, SCV  
  120  12:51  Marine x4  
  126  12:52  SCV  
  126  12:54  Widow Mine  
  126  12:55  Widow Mine  
  133  13:02  SCV  
  133  13:04  SCV  
  135  13:08  Marine x5  
  135  13:09  Marine x2  
  142  13:16  SCV, Widow Mine x2  
  147  13:26  Marine x5  
  147  13:27  Marine  
  152  13:29  SCV  
  154  13:37  Widow Mine  
  154  13:41  SCV  
Tags
 
Matchup
TvZ
Opening
Pool First
Replay Pack
re
Add a new tag
Caveats
  • Supply blocks, unpowered buildings, or Contaminate may cause inaccurate times.
  • Supply counts are checked every 10 seconds.